AoeStats
← jaredcool101

Arabia

509941148Analyzed
1v1 RM · 3d ago on Sep 28, 2026· 38m 44s· 2 players
Game mode
Random Map
Map size
Tiny (2 player)
Population
200
Speed
Normal
Resources
Standard
Victory
Conquest
Starting age
Dark Age
Ending age
Imperial Age
RankedLock teamsTeams togetherTeam positionsShared explorationLock speedFull tech treeHidden civsTurbo modeCheats
Victory
Defeat
🇩🇪 Tatars · Germany
687
+15
🇺🇸 Romans · United States
667
-15
jaredcool101
10:00 Feudal Age
18:02 Castle Age
17:03 Fletching
23:14 Horse Collar
26:48 Husbandry
28:27 Wheelbarrow
28:17 Man-at-Arms
29:28 Long Swordsman
30:14 Scale Mail Armor
31:15 Chain Mail Armor
33:02 Fletching
33:57 Squires
34:11 Forging
36:28 Hand Cart
37:33 Town Watch
37:48 Double-Bit Axe
Saul Longbowman
7:17 Loom
10:40 Feudal Age
11:23 Double-Bit Axe
15:05 Fletching
15:16 Padded Archer Armor
20:56 Wheelbarrow
20:15 Horse Collar
23:54 Castle Age
22:43 Scale Barding Armor
23:42 Bloodlines
25:16 Chain Barding Armor
27:38 Forging
27:17 Horse Collar
28:24 Husbandry
30:36 Hand Cart
33:34 Bow Saw
34:40 Iron Casting
Connection lost

Rejoining the realm…

Still unreachable

The connection could not be restored.

Session expired

The server has moved on; the page needs a fresh start.